[Event "Titled Tuesday Blitz February 22 Early 2022"]
[White "Rodchenkov, Vitaly"]
[Black "Zaksaite, Salomeja"]
[WhiteFideId "4152964"]
[BlackFideId "12801496"]
[WhiteElo "2337"]
[BlackElo "2002"]
[Result "1-0"]
[Round "10"]
[TimeControl "180+1"]
[Date "2022.02.22"]
[WhiteClock "0:01:48"]
[BlackClock "0:00:01"]

1. Nf3 d5 2. c4 dxc4 3. Nc3 g6 4. Qa4+ Bd7 5. Qxc4 Bg7 6. d4 Nf6 7. e4 O-O 8. e5 Ne8 9. Be3 a6 10. Qb3 b5 11. Be2 c6 12. O-O Be6 13. Qc2 Nc7 14. Rfd1 Nd5 15. Ng5 Nxe3 16. fxe3 Bd5 17. e4 Be6 18. Nxe6 fxe6 19. Bg4 Qd7 20. d5 Kh8 21. Bxe6 Qc7 22. d6 Qa7+ 23. Kh1 Bxe5 24. d7 Rd8 25. Qd2 Qc7 26. Qg5 Bxh2 27. Qxe7 Be5 28. Qe8+ 1-0


[Site "https://www.chess.com"]

[Event "Titled Tuesday Blitz February 22 Early 2022"]
[White "Rustemov, Alexander"]
[Black "Cramling Bellon, Anna"]
[WhiteFideId "4119002"]
[BlackFideId "32009232"]
[WhiteElo "2693"]
[BlackElo "1905"]
[Result "1/2-1/2"]
[Round "10"]
[TimeControl "180+1"]
[Date "2022.02.22"]
[WhiteClock "0:01:16"]
[BlackClock "0:00:37"]

1. d4 Nf6 2. c4 e6 3. Nf3 d5 4. Nc3 Be7 5. Bg5 O-O 6. e3 Nbd7 7. Qc2 h6 8. Bh4 b6 9. cxd5 exd5 10. Bd3 Bb7 11. O-O c5 12. Rad1 Rc8 13. Bf5 cxd4 14. Nxd4 Ne4 15. Bxe7 Qxe7 16. Bxe4 dxe4 17. Nf5 Qe6 18. Nd6 Ba6 19. Nxc8 Rxc8 20. Rfe1 Bd3 21. Rxd3 exd3 22. Qxd3 Ne5 23. Qe2 Qg6 24. Rd1 Nc4 25. h3 1/2-1/2


[Site "https://www.chess.com"]

[Event "Titled Tuesday Blitz February 22 Early 2022"]
[White "Sadhwani, Raunak"]
[Black "Shahaliyev, Ismayil"]
[WhiteFideId "35093487"]
[BlackFideId "13406388"]
[WhiteElo "2616"]
[BlackElo "2105"]
[Result "1-0"]
[Round "10"]
[TimeControl "180+1"]
[Date "2022.02.22"]
[WhiteClock "0:00:50"]
[BlackClock "0:00:11"]

1. d4 Nf6 2. Nf3 e6 3. Bf4 c5 4. e3 b6 5. Nbd2 cxd4 6. exd4 Be7 7. c3 Bb7 8. Bd3 d6 9. Qe2 a6 10. a4 Nbd7 11. O-O O-O 12. Nc4 Qc7 13. h3 Rfe8 14. Bh2 Bf8 15. Rfe1 h6 16. Rad1 Bc6 17. Ra1 b5 18. axb5 axb5 19. Ne3 Qb7 20. Bc2 e5 21. Rxa8 Qxa8 22. Qd1 Bxf3 23. Qxf3 Qxf3 24. gxf3 exd4 25. cxd4 d5 26. Bd3 b4 27. Rc1 Nb6 28. Rc6 Na4 29. Bb5 Nxb2 30. Rc2 Rxe3 31. fxe3 Nd1 32. Rc8 b3 33. Bd6 Nh7 34. Bd3 f6 35. Bxh7+ Kxh7 36. Bxf8 Nxe3 37. Rb8 1-0


[Site "https://www.chess.com"]

[Event "Titled Tuesday Blitz February 22 Early 2022"]
[White "Sadykov, Ramil"]
[Black "Quirke, Jeffrey"]
[WhiteFideId "24113590"]
[BlackFideId "2013029"]
[WhiteElo "2300"]
[BlackElo "2232"]
[Result "1-0"]
[Round "10"]
[TimeControl "180+1"]
[Date "2022.02.22"]
[WhiteClock "0:00:18"]
[BlackClock "0:00:01"]

1. d4 Nf6 2. Nc3 d5 3. Bf4 a6 4. e3 e6 5. g4 c5 6. g5 Ne4 7. Nxe4 dxe4 8. Bg2 Nc6 9. Bxe4 cxd4 10. Bxc6+ bxc6 11. Qxd4 Qxd4 12. exd4 c5 13. Ne2 Bb7 14. O-O h6 15. c3 Be7 16. gxh6 gxh6 17. f3 a5 18. Kf2 a4 19. dxc5 Bxc5+ 20. Be3 Be7 21. c4 h5 22. Bd4 Rg8 23. b3 a3 24. Rg1 Kd7 25. Rxg8 Rxg8 26. Rg1 Rxg1 27. Nxg1 Bh4+ 28. Ke2 Be7 29. Nh3 f6 30. Nf2 e5 31. Bc3 Ke6 32. b4 f5 33. b5 Bc5 34. Nd3 Bg1 35. Bxe5 h4 36. Bc7 Bd4 37. Bd8 1-0


[Site "https://www.chess.com"]

[Event "Titled Tuesday Blitz February 22 Early 2022"]
[White "Sahin, Handenur"]
[Black "Mikhalsky, Vladimir"]
[WhiteFideId "6334865"]
[BlackFideId "14144352"]
[WhiteElo "2148"]
[BlackElo "2248"]
[Result "1-0"]
[Round "10"]
[TimeControl "180+1"]
[Date "2022.02.22"]
[WhiteClock "0:00:10"]
[BlackClock "0:00:03"]

1. e4 g6 2. d4 Bg7 3. Nf3 d6 4. Nc3 a6 5. Bd3 b5 6. Be3 Bb7 7. Qd2 Nd7 8. h4 h5 9. Ne2 c5 10. c3 Ngf6 11. Ng3 Ng4 12. Bg5 Qb6 13. d5 c4 14. Bc2 b4 15. O-O bxc3 16. bxc3 Qa5 17. Nd4 Nc5 18. Rfb1 Be5 19. Nge2 f6 20. f4 Bxd4+ 21. Qxd4 O-O 22. e5 fxg5 23. exd6 exd6 24. Bxg6 gxf4 25. Bxh5 Ne5 26. Nxf4 Qc7 27. Rf1 Qg7 28. Rab1 Rab8 29. Qe3 Ncd3 30. Ne6 Rxf1+ 31. Rxf1 Qh7 32. Qg5+ Ng6 33. Bxg6 Qd7 34. Bf7+ Kh7 35. Qg6+ Kh8 36. Qh6# 1-0


[Site "https://www.chess.com"]

[Event "Titled Tuesday Blitz February 22 Early 2022"]
[White "Sailer, Mike"]
[Black "Papp, Petra"]
[WhiteFideId "2012901"]
[BlackFideId "739049"]
[WhiteElo "2109"]
[BlackElo "2259"]
[Result "0-1"]
[Round "10"]
[TimeControl "180+1"]
[Date "2022.02.22"]
[WhiteClock "0:00:04"]
[BlackClock "0:01:14"]

1. d4 Nf6 2. Nf3 c5 3. c3 g6 4. Bf4 Bg7 5. e3 O-O 6. Be2 b6 7. O-O Bb7 8. Nbd2 d6 9. h3 Nbd7 10. Bh2 Re8 11. Re1 e5 12. dxe5 Nxe5 13. Nxe5 dxe5 14. Bb5 Re6 15. Qe2 a6 16. Bc4 Rd6 17. Rad1 b5 18. Bb3 c4 19. Bc2 Qe7 20. e4 Rad8 21. Nf1 Rxd1 22. Rxd1 Rxd1 23. Qxd1 Bxe4 24. Bxe4 Nxe4 25. Qd5 Nc5 26. Ne3 h6 27. Ng4 Nd3 28. Qa8+ Kh7 29. Qxa6 h5 30. Ne3 Qc5 31. a4 Nxf2 32. Kxf2 Bh6 33. Qxb5 Qxe3+ 34. Kf1 Qc1+ 35. Kf2 e4 36. Be5 e3+ 37. Kf3 Qf1+ 38. Ke4 Qf5+ 39. Kd4 e2 40. Qe8 Qxe5+ 41. Qxe5 Bg7 42. Qxg7+ Kxg7 0-1


[Site "https://www.chess.com"]

[Event "Titled Tuesday Blitz February 22 Early 2022"]
[White "Samaganova, Aleksandra"]
[Black "Wartiovaara, Oliver"]
[WhiteFideId "13800221"]
[BlackFideId "513024"]
[WhiteElo "1859"]
[BlackElo "1971"]
[Result "1-0"]
[Round "10"]
[TimeControl "180+1"]
[Date "2022.02.22"]
[WhiteClock "0:00:09"]
[BlackClock "0:00:09"]

1. c4 g6 2. Nc3 Nf6 3. g3 Bg7 4. Bg2 O-O 5. e4 Nc6 6. Nge2 d6 7. O-O e5 8. d3 Nd7 9. f4 Nc5 10. f5 Nb4 11. Rf3 a5 12. a3 Nc6 13. Nd5 Nd4 14. Nxd4 exd4 15. f6 Bg4 16. fxg7 Kxg7 17. Qf1 Bxf3 18. Qxf3 f6 19. Nf4 a4 20. Bd2 Qe7 21. Rf1 c6 22. Bh3 Qe5 23. Bb4 Rae8 24. Bxc5 dxc5 25. Qd1 b5 26. cxb5 cxb5 27. Qc2 c4 28. dxc4 bxc4 29. Qxc4 Qxe4 30. Ne6+ Rxe6 31. Qxe6 Qc2 32. Rf2 Qc1+ 33. Kg2 d3 34. Qd7+ Rf7 35. Qd4 Qc6+ 36. Kg1 Qc1+ 37. Bf1 1-0


[Site "https://www.chess.com"]

[Event "Titled Tuesday Blitz February 22 Early 2022"]
[White "Sanchez Alvares, Kelvin Antonio"]
[Black "Kim, Sergey"]
[WhiteFideId "3906680"]
[BlackFideId "13700570"]
[WhiteElo "2193"]
[BlackElo "2639"]
[Result "1/2-1/2"]
[Round "10"]
[TimeControl "180+1"]
[Date "2022.02.22"]
[WhiteClock "0:00:06"]
[BlackClock "0:00:12"]

1. d4 Nf6 2. c4 g6 3. Nf3 Bg7 4. Nc3 d6 5. e4 O-O 6. Be2 e5 7. O-O exd4 8. Nxd4 Re8 9. f3 Nbd7 10. Bg5 c6 11. Kh1 a5 12. Qd2 a4 13. Rad1 Qa5 14. Nc2 Re6 15. Bf4 Ne5 16. Nd4 Re8 17. Nc2 Re6 18. Be3 Bf8 19. Nd4 Re8 20. Bg1 Ned7 21. Qc2 Nc5 22. Rfe1 Nfd7 23. Bf1 Ne5 24. f4 Ned7 25. Nf3 Nf6 26. e5 dxe5 27. fxe5 Bf5 28. Qf2 Ng4 29. Qg3 a3 30. Nd4 Bc8 31. b3 Bg7 32. Nf3 Nxb3 33. Ne4 Bf5 34. Nd6 Rxe5 35. Nxe5 Bxe5 36. Qxb3 Bxd6 37. h3 Ne5 38. c5 Bc7 39. Bd4 Be6 40. Qg3 Nd7 41. Qh4 Bd8 42. Qh6 Bf6 43. Rxe6 fxe6 44. Bc4 Re8 45. Bxf6 Nxf6 46. Qf4 Kg7 47. Qe5 Rd8 48. Rf1 Rf8 49. Bxe6 Qd8 50. Bb3 Re8 51. Qf4 Re4 52. Qc1 Qe7 53. Qxa3 Re1 54. Rxe1 Qxe1+ 55. Kh2 Qe5+ 56. Kg1 Qe1+ 57. Kh2 Qe5+ 58. Kg1 Qe1+ 59. Kh2 1/2-1/2


[Site "https://www.chess.com"]

[Event "Titled Tuesday Blitz February 22 Early 2022"]
[White "Sarkar, Justin"]
[Black "Krzywda, Andrzej"]
[WhiteFideId "2010011"]
[BlackFideId "1114565"]
[WhiteElo "2038"]
[BlackElo "2098"]
[Result "1-0"]
[Round "10"]
[TimeControl "180+1"]
[Date "2022.02.22"]
[WhiteClock "0:00:10"]
[BlackClock "0:00:46"]

1. e4 c5 2. Nf3 d6 3. d4 cxd4 4. Nxd4 Nf6 5. f3 e5 6. Bb5+ Nbd7 7. Nf5 a6 8. Bxd7+ Qxd7 9. c4 d5 10. cxd5 Nxd5 11. Qxd5 Qxd5 12. Nxg7+ Bxg7 13. exd5 Bf5 14. Nc3 b5 15. Be3 O-O-O 16. O-O Kb7 17. Rfd1 Rhe8 18. Ne4 Bf8 19. Nf6 Re7 20. Bc5 Rc7 21. Bxf8 Rxf8 22. Rac1 Rxc1 23. Rxc1 Rd8 24. g4 Bd3 25. Re1 Rd6 26. g5 h6 27. h4 hxg5 28. hxg5 Bc4 29. Rxe5 Bxa2 30. Re7+ Kb6 31. Rxf7 Bb1 32. Rd7 Rxd7 33. Nxd7+ Kc7 34. Nc5 Kd6 35. Nxa6 Kxd5 36. Kf2 Kc4 37. Ke3 Kb3 38. Nc7 b4 39. Nd5 Kc4 40. Nxb4 Kxb4 41. Kd4 Kb3 42. f4 Kxb2 43. Ke5 Kc3 44. f5 Kd3 45. f6 Ba2 46. g6 Ke3 47. f7 Bxf7 48. gxf7 Kf3 49. f8=R+ Ke3 50. Rf7 Kd3 51. Rf3+ Kc4 52. Re3 Kb4 53. Kd5 Kb5 54. Rb3+ Ka4 55. Kc4 Ka5 56. Kc5 Ka6 57. Rb2 Ka7 58. Kc6 Ka8 59. Kc7 Ka7 60. Ra2# 1-0


[Site "https://www.chess.com"]

[Event "Titled Tuesday Blitz February 22 Early 2022"]
[White "Seifert, Henryk"]
[Black "Sanchez, Robert"]
[WhiteFideId "1100963"]
[BlackFideId "2034360"]
[WhiteElo "2120"]
[BlackElo "2246"]
[Result "1/2-1/2"]
[Round "10"]
[TimeControl "180+1"]
[Date "2022.02.22"]
[WhiteClock "0:00:05"]
[BlackClock "0:01:13"]

1. e4 e6 2. d4 d5 3. Nd2 Nf6 4. e5 Nfd7 5. c3 c5 6. Bd3 Nc6 7. Ne2 cxd4 8. cxd4 f6 9. exf6 Nxf6 10. Nf3 Bd6 11. Bf4 Bxf4 12. Nxf4 O-O 13. O-O Ne4 14. Ne2 Ng5 15. Nxg5 Qxg5 16. f4 Qf6 17. Bc2 Bd7 18. Qd3 g6 19. a3 Rac8 20. Rac1 Na5 21. b3 Qe7 22. Ra1 Rc7 23. Qd2 b6 24. Rfc1 Rfc8 25. g3 Qf6 26. Ra2 Bb5 27. Bd3 Rxc1+ 28. Nxc1 Qxd4+ 29. Kg2 Rxc1 30. Qxc1 Bxd3 31. Qc8+ Kg7 32. Qd7+ Kh6 33. Qe7 Be4+ 34. Kh3 Bf5+ 35. Kh4 Nxb3 36. Qg5+ Kg7 37. Qe7+ Kg8 38. Qe8+ Kg7 39. Qe7+ Kh6 40. Qg5+ Kg7 41. Qe7+ 1/2-1/2


[Site "https://www.chess.com"]

[Event "Titled Tuesday Blitz February 22 Early 2022"]
[White "Shevtchenko, Olesya"]
[Black "Kirillov, Dmitry"]
[WhiteFideId "24131890"]
[BlackFideId "34180572"]
[WhiteElo "2003"]
[BlackElo "2076"]
[Result "0-1"]
[Round "10"]
[TimeControl "180+1"]
[Date "2022.02.22"]
[WhiteClock "0:00:02"]
[BlackClock "0:00:03"]

1. e4 c5 2. Nf3 e6 3. d4 cxd4 4. Nxd4 Nf6 5. Nc3 Nc6 6. Nxc6 bxc6 7. e5 Nd5 8. Ne4 Qc7 9. f4 Qb6 10. c4 Bb4+ 11. Ke2 f5 12. exf6 Nxf6 13. Nd6+ Bxd6 14. Qxd6 Bb7 15. b3 Kf7 16. Bb2 Rad8 17. Bd4 Qa6 18. Rg1 Rhe8 19. g4 e5 20. fxe5 Re6 21. Qc7 Rc8 22. Qxc8 Bxc8 23. Kd3 Ne8 24. Bg2 c5 25. Bc3 Bb7 26. Rgf1+ Kg8 27. Bxb7 Qxb7 28. Rf2 d6 29. Raf1 Qe7 30. Kc2 dxe5 31. Bd2 h6 32. h4 e4 33. Be3 Qd6 34. Rd2 Qe7 35. g5 hxg5 36. hxg5 Nd6 37. Rd5 Re5 38. Rd2 Nf5 39. Bf4 Nd4+ 40. Kb2 Re6 41. Rh2 e3 42. Rfh1 Kf7 43. Rf1 Ke8 44. Rh8+ Kd7 45. b4 e2 46. Re1 Nf3 0-1


[Site "https://www.chess.com"]

[Event "Titled Tuesday Blitz February 22 Early 2022"]
[White "Shton, Roman"]
[Black "Aaditya Dhingra"]
[WhiteFideId "14137461"]
[BlackFideId "25678191"]
[WhiteElo "2038"]
[BlackElo "1789"]
[Result "0-1"]
[Round "10"]
[TimeControl "180+1"]
[Date "2022.02.22"]
[WhiteClock "0:01:06"]
[BlackClock "0:00:52"]

1. d4 Nf6 2. Nf3 e6 3. g3 c5 4. Bg2 Nc6 5. O-O b6 6. Bg5 d5 7. Ne5 Bb7 8. e3 h6 9. Bxf6 gxf6 10. Nxc6 Bxc6 11. c4 Qd7 12. dxc5 dxc4 13. Qxd7+ Kxd7 14. Rd1+ Kc7 15. cxb6+ axb6 16. Bxc6 Kxc6 17. Nd2 b5 18. a4 Bb4 19. axb5+ Kxb5 20. Ne4 f5 21. Nc3+ Kc6 22. Rxa8 Rxa8 23. Rd4 Kc5 24. Ne2 Ra2 25. Nc3 Bxc3 26. bxc3 Rc2 27. Rd7 Rxc3 28. Rxf7 Rc1+ 29. Kg2 c3 30. Rc7+ Kb4 31. e4 fxe4 32. h4 Kb3 33. g4 Ra1 34. Rb7+ Kc4 35. Rc7+ Kd3 36. g5 hxg5 37. hxg5 Ra5 38. Rd7+ Ke2 39. Rc7 Rxg5+ 40. Kh3 Kd2 41. Rd7+ Rd5 0-1


[Site "https://www.chess.com"]

[Event "Titled Tuesday Blitz February 22 Early 2022"]
[White "Shuvalov, Evgenij"]
[Black "Kostiukov, Alexandr"]
[WhiteFideId "4187237"]
[BlackFideId "14108100"]
[WhiteElo "2119"]
[BlackElo "2202"]
[Result "1-0"]
[Round "10"]
[TimeControl "180+1"]
[Date "2022.02.22"]
[WhiteClock "0:00:18"]
[BlackClock "0:00:36"]

1. Nf3 c5 2. c4 Nf6 3. g3 g6 4. Bg2 Bg7 5. O-O O-O 6. d4 cxd4 7. Nxd4 Nc6 8. Nc3 Nxd4 9. Qxd4 d6 10. Qh4 Be6 11. Bd2 Rc8 12. b3 Ng4 13. Nd5 Bxd5 14. Bxd5 Bxa1 15. Rxa1 Nf6 16. Bxb7 Rc5 17. Bf3 h5 18. Be3 Rc7 19. Rd1 Qc8 20. Bd4 Qe6 21. Rd3 Kg7 22. Re3 Qf5 23. Be4 Qg4 24. Qxg4 hxg4 25. Bg2 e5 26. Bc3 Rb8 27. Rd3 Ne8 28. Rd5 f6 29. Ra5 Kf7 30. Bd5+ Ke7 31. Bd2 Rb6 32. Be3 Rb8 33. Bxa7 Rbc8 34. Bb6 Rd7 35. a4 Rb8 36. Rb5 Rc8 37. a5 Nc7 38. Bxc7 Rcxc7 39. a6 Ra7 40. Bb7 Rc7 41. Kf1 Rc5 42. Rb6 Kd7 43. Bd5 Kc7 44. Rb7+ Rxb7 45. axb7 Ra5 46. Ke1 Ra2 47. b4 Rb2 48. b5 Rc2 49. Kf1 Rd2 50. f3 Rxd5 51. cxd5 gxf3 52. exf3 Kxb7 53. h4 Kb6 54. g4 Kxb5 55. h5 gxh5 56. gxh5 Kc5 57. h6 Kxd5 58. h7 Kd4 59. h8=Q 1-0


[Site "https://www.chess.com"]

[Event "Titled Tuesday Blitz February 22 Early 2022"]
[White "Shuvalova, Polina"]
[Black "Tymrakiewicz, Rafal"]
[WhiteFideId "24171760"]
[BlackFideId "1108832"]
[WhiteElo "2355"]
[BlackElo "2205"]
[Result "1/2-1/2"]
[Round "10"]
[TimeControl "180+1"]
[Date "2022.02.22"]
[WhiteClock "0:00:04"]
[BlackClock "0:00:02"]

1. d4 Nf6 2. Nf3 g6 3. c4 Bg7 4. Nc3 O-O 5. e4 d6 6. Be2 e5 7. O-O Nh5 8. Bg5 f6 9. Be3 Nc6 10. d5 Ne7 11. Nd2 Nf4 12. c5 Nxe2+ 13. Qxe2 f5 14. f3 f4 15. Bf2 g5 16. Rac1 h5 17. cxd6 cxd6 18. Nb5 g4 19. Kh1 Ng6 20. Nc7 Rb8 21. Bxa7 Qh4 22. Ne6 Ra8 23. Bg1 Rf6 24. Rc7 Rxe6 25. Rxc8+ Re8 26. Rxa8 Rxa8 27. Nc4 Rd8 28. Rc1 Nf8 29. a4 Nh7 30. Na5 Ng5 31. Nxb7 Rb8 32. Rc7 Bf6 33. Nxd6 Bd8 34. Nf5 gxf3 35. gxf3 Qh3 36. Rc3 Ba5 37. Rd3 Rc8 38. Qg2 Qxg2+ 39. Kxg2 Rc2+ 40. Kh1 Rxb2 41. d6 Rb1 42. Kg2 h4 43. h3 Rb2+ 44. Bf2 Bb6 45. d7 Rxf2+ 46. Kh1 Bd8 47. Nxh4 Nxh3 48. Nf5 Ng5 49. Nd6 Rxf3 50. Rxf3 Nxf3 51. Nb7 Be7 52. d8=Q+ Bxd8 53. Nxd8 Nd2 54. Nc6 Nc4 55. a5 Kf7 56. a6 Ke6 57. a7 Nb6 58. Kg2 Kd6 59. Nb4 Kc5 60. Nd3+ Kd4 61. Nb4 Kxe4 62. Kf2 Kf5 63. Nc6 e4 64. Nd4+ Kg4 65. Nb5 Kf5 66. Nc7 Kg4 67. Ke2 Kg3 68. a8=Q Nxa8 69. Nxa8 1/2-1/2


[Site "https://www.chess.com"]

[Event "Titled Tuesday Blitz February 22 Early 2022"]
[White "Slugin, Sergey"]
[Black "Pavlidou, Ekaterini"]
[WhiteFideId "4122569"]
[BlackFideId "4213262"]
[WhiteElo "2358"]
[BlackElo "2127"]
[Result "1-0"]
[Round "10"]
[TimeControl "180+1"]
[Date "2022.02.22"]
[WhiteClock "0:00:12"]
[BlackClock "0:00:41"]

1. e4 c5 2. Nf3 Nc6 3. d4 cxd4 4. Nxd4 Nf6 5. Nc3 e6 6. Ndb5 Bc5 7. Bf4 O-O 8. Bc7 Qe7 9. Bd6 Bxd6 10. Qxd6 Qd8 11. Qc7 Qe7 12. O-O-O a6 13. Nd6 b5 14. f3 b4 15. Na4 Ne8 16. Nxc8 Nxc7 17. Nxe7+ Nxe7 18. Rxd7 Ncd5 19. exd5 Nxd5 20. Bc4 Ne3 21. Bb3 Nxg2 22. Rhd1 Nh4 23. R1d3 Ng6 24. Rb7 a5 25. Nb6 Rab8 26. Rxb8 Rxb8 27. Nd7 Ra8 28. a4 Nf4 29. Rd2 g5 30. c4 Kg7 31. Nb6 Rb8 32. c5 Rb7 33. Kb1 Rc7 34. Rc2 Kf6 35. c6 Ke7 36. Na8 Rc8 37. c7 Kd6 38. Rd2+ Kc6 39. Rd8 Kb7 40. Bc4 Nd5 41. Ba6+ Kxa6 42. Rxc8 1-0


[Site "https://www.chess.com"]

[Event "Titled Tuesday Blitz February 22 Early 2022"]
[White "Srihari L R"]
[Black "Mikhailov, Viacheslav"]
[WhiteFideId "46617116"]
[BlackFideId "4187369"]
[WhiteElo "2121"]
[BlackElo "2381"]
[Result "1-0"]
[Round "10"]
[TimeControl "180+1"]
[Date "2022.02.22"]
[WhiteClock "0:00:10"]
[BlackClock "0:00:14"]

1. d4 Nf6 2. c4 g6 3. Nc3 Bg7 4. e4 O-O 5. Be3 d6 6. h3 e5 7. d5 Nbd7 8. Nf3 Nc5 9. Nd2 a5 10. g4 c6 11. Be2 cxd5 12. cxd5 a4 13. Kf1 b6 14. Kg2 Ba6 15. Bxa6 Rxa6 16. Bxc5 bxc5 17. Nxa4 h5 18. Nc3 Bh6 19. Nc4 Bf4 20. Qe2 Qc8 21. f3 Kg7 22. a4 Rh8 23. a5 Nh7 24. Nb6 Qb7 25. Qb5 Ng5 26. Qc6 Qe7 27. Nb5 Nxf3 28. Kxf3 Qh4 29. Rag1 Rxa5 30. Nc3 Ra1 31. Ne2 Rxg1 32. Rxg1 Qxh3+ 33. Kf2 Be3+ 34. Ke1 Bxg1 35. Qxd6 Bd4 36. Nd7 Qh4+ 37. Kd2 hxg4 38. Nxd4 Qg5+ 39. Kc2 Rh2+ 40. Kb3 Qe3+ 41. Ka2 Qxd4 42. Qf8+ Kh7 43. Nf6# 1-0


[Site "https://www.chess.com"]

[Event "Titled Tuesday Blitz February 22 Early 2022"]
[White "Stanisz, Patryk"]
[Black "Hoffmann, Asa"]
[WhiteFideId "1123106"]
[BlackFideId "2001470"]
[WhiteElo "1876"]
[BlackElo "2117"]
[Result "0-1"]
[Round "10"]
[TimeControl "180+1"]
[Date "2022.02.22"]
[WhiteClock "0:00:03"]
[BlackClock "0:01:16"]

1. Nf3 d6 2. c4 e5 3. g3 Nf6 4. Bg2 Be6 5. b3 Qd7 6. h3 c6 7. Bb2 h6 8. d4 e4 9. Nh2 d5 10. cxd5 cxd5 11. g4 Nc6 12. Nc3 Bd6 13. Nf1 a6 14. Ne3 O-O 15. O-O Bc7 16. f4 exf3 17. exf3 Bf4 18. Re1 Rfe8 19. Nc2 Rac8 20. Na4 Qc7 21. Nc5 Bd7 22. Bc1 Bg3 23. Rf1 a5 24. f4 b6 25. Nxd7 Qxd7 26. Qf3 Bh4 27. Bb2 Ne4 28. Rfd1 Nb4 29. Ne3 Bf2+ 30. Kh1 Bxe3 31. Qxe3 Nc2 32. Qf3 Nxa1 33. Rxa1 Rc2 34. Ba3 Qc7 35. Rf1 Nd2 36. Qf2 Nxf1 37. Qxf1 Ree2 38. Qf3 Rxg2 39. Qxg2 Rxg2 40. Kxg2 Qc2+ 0-1


[Site "https://www.chess.com"]

[Event "Titled Tuesday Blitz February 22 Early 2022"]
[White "Steil-Antoni, Fiona"]
[Black "Goldin, Roman"]
[WhiteFideId "4001249"]
[BlackFideId "2803860"]
[WhiteElo "2059"]
[BlackElo "2312"]
[Result "0-1"]
[Round "10"]
[TimeControl "180+1"]
[Date "2022.02.22"]
[WhiteClock "0:00:13"]
[BlackClock "0:00:50"]

1. e4 Nc6 2. Nf3 e5 3. d4 exd4 4. Nxd4 g6 5. Bc4 Bg7 6. Be3 Nf6 7. Nc3 O-O 8. O-O Re8 9. f3 d5 10. Nxd5 Nxd5 11. Bxd5 Nxd4 12. Bxd4 Bxd4+ 13. Qxd4 c6 14. c4 cxd5 15. cxd5 Bd7 16. Rac1 Qa5 17. h4 Rac8 18. Kh1 Qd8 19. g3 h5 20. Qxa7 Rxc1 21. Rxc1 Qf6 22. Qf2 Rxe4 23. Kg2 Rd4 24. Rc7 Rxd5 25. Rxb7 Bc6 26. Rb3 Qd6 27. Re3 Bb5 28. Kh3 Rd2 29. Qe1 Bd7+ 30. g4 Qh2# 0-1


[Site "https://www.chess.com"]

[Event "Titled Tuesday Blitz February 22 Early 2022"]
[White "Sumaneev, Dmitry"]
[Black "Xu, Yuanyuan"]
[WhiteFideId "4125312"]
[BlackFideId "8601089"]
[WhiteElo "2520"]
[BlackElo "2281"]
[Result "1-0"]
[Round "10"]
[TimeControl "180+1"]
[Date "2022.02.22"]
[WhiteClock "0:01:12"]
[BlackClock "0:00:01"]

1. e4 c5 2. c3 Nf6 3. e5 Nd5 4. d4 cxd4 5. Nf3 Nc6 6. cxd4 d6 7. Bc4 Nb6 8. Bb3 dxe5 9. d5 Na5 10. Nc3 Nxb3 11. Qxb3 e4 12. Ne5 Qd6 13. Bf4 Nd7 14. Nxd7 Qxf4 15. Nxf8 Kxf8 16. O-O h5 17. Rfe1 Bf5 18. Qxb7 Re8 19. Qxa7 h4 20. Qe3 Qg4 21. h3 Qg6 22. Nxe4 Rh5 23. Rad1 Kg8 24. Kh1 e6 25. d6 e5 26. d7 Rd8 27. Rd6 Qh7 28. Nc5 e4 29. Red1 Bxh3 30. Qxh3 Rxc5 31. Qg4 Rc2 32. R6d2 Rc7 33. Qf4 1-0


[Site "https://www.chess.com"]

[Event "Titled Tuesday Blitz February 22 Early 2022"]
[White "Sviridova, Vlada"]
[Black "Muradov, Soltan"]
[WhiteFideId "24109606"]
[BlackFideId "14002108"]
[WhiteElo "2101"]
[BlackElo "1854"]
[Result "0-1"]
[Round "10"]
[TimeControl "180+1"]
[Date "2022.02.22"]
[WhiteClock "0:00:02"]
[BlackClock "0:00:06"]

1. d4 Nf6 2. c4 e6 3. Nf3 b6 4. g3 Bb7 5. Bg2 c5 6. d5 exd5 7. Nh4 d6 8. O-O Nbd7 9. Nc3 g6 10. Nxd5 Nxd5 11. Bxd5 Bxd5 12. Qxd5 Nf6 13. Qc6+ Nd7 14. Bg5 Be7 15. Bxe7 Kxe7 16. Rad1 Ne5 17. Qe4 f5 18. Qd5 Qd7 19. h3 Qe6 20. Qb7+ Kf6 21. b3 Rad8 22. Qxa7 g5 23. Ng2 Rb8 24. Qa3 f4 25. g4 h5 26. f3 hxg4 27. hxg4 Rh7 28. Qb2 Rbh8 29. Kf2 Ke7 30. Qc2 Nxg4+ 31. fxg4 Rh2 32. Qd3 R8h3 33. Qd5 Qe3+ 34. Ke1 Qg3+ 35. Rf2 Rh1+ 0-1


[Site "https://www.chess.com"]

[Event "Titled Tuesday Blitz February 22 Early 2022"]
[White "Talibov, Shiroghlan"]
[Black "Kobalia, Mikhail"]
[WhiteFideId "13429078"]
[BlackFideId "4119150"]
[WhiteElo "2070"]
[BlackElo "2667"]
[Result "1-0"]
[Round "10"]
[TimeControl "180+1"]
[Date "2022.02.22"]
[WhiteClock "0:00:15"]
[BlackClock "0:00:03"]

1. c4 c6 2. Nc3 d5 3. d4 Nf6 4. Nf3 e6 5. e3 Nbd7 6. Qc2 Bd6 7. Bd3 O-O 8. O-O dxc4 9. Bxc4 e5 10. Rd1 Qe7 11. Bb3 a5 12. a3 Bc7 13. h3 exd4 14. exd4 Nb6 15. Bg5 Qd6 16. d5 Nfxd5 17. Bxd5 Nxd5 18. Rxd5 cxd5 19. Nb5 Qc6 20. Qxc6 bxc6 21. Nxc7 Ra7 22. Bf4 Bd7 23. Rc1 Rc8 24. Nd4 Raxc7 25. Bxc7 Rxc7 26. b4 axb4 27. axb4 h5 28. b5 c5 29. b6 Rb7 30. Rxc5 Rxb6 31. Rxd5 Be6 32. Rxh5 Rd6 33. Nf3 Rd1+ 34. Kh2 Bd5 35. Kg3 Bxf3 36. Kxf3 g6 37. Re5 Kg7 38. h4 Ra1 39. Re2 Ra3+ 40. Re3 Ra4 41. g3 Rb4 42. Re4 Rb3+ 43. Kf4 Rb2 44. f3 Rh2 45. Ra4 Rh1 46. Ra5 Rh2 47. Kg4 Rh1 48. Rg5 f5+ 49. Kf4 Kf6 50. Ke3 Rh2 51. f4 Rh1 52. Kf2 Rh2+ 53. Kf3 Kf7 54. Ke3 Kf6 55. Kf3 Kf7 56. Ke3 Kf6 57. Kd4 Rh3 58. Kd5 Rh1 59. Kc6 Rc1+ 60. Kd7 Rh1 61. Ke8 Kg7 62. h5 Rxh5 63. Rxh5 gxh5 64. Ke7 1-0


[Site "https://www.chess.com"]

[Event "Titled Tuesday Blitz February 22 Early 2022"]
[White "Tasev, Dejan"]
[Black "Nur-Mukhametova, Alisa"]
[WhiteFideId "936618"]
[BlackFideId "54117739"]
[WhiteElo "2253"]
[BlackElo "2015"]
[Result "1-0"]
[Round "10"]
[TimeControl "180+1"]
[Date "2022.02.22"]
[WhiteClock "0:00:37"]
[BlackClock "0:00:11"]

1. e4 c5 2. Nf3 e6 3. b3 Nf6 4. e5 Nd5 5. Bb2 b6 6. g3 Bb7 7. Bg2 Be7 8. O-O Nc6 9. Na3 O-O 10. d3 d6 11. exd6 Qxd6 12. Nc4 Qc7 13. a4 a6 14. Re1 Bf6 15. Bxf6 Nxf6 16. Nfe5 Nxe5 17. Bxb7 Qxb7 18. Rxe5 Qc7 19. Qe2 h6 20. a5 b5 21. Nb6 Rad8 22. Re1 Nd7 23. Nxd7 Rxd7 24. Qd2 c4 25. bxc4 bxc4 26. d4 c3 27. Qd3 Rfd8 28. Qxa6 Rxd4 29. Qb5 Rb8 30. Qc5 Qxc5 31. Rxc5 Ra4 32. Re3 Ra8 33. Rexc3 R4xa5 34. Rxa5 Rxa5 35. h4 h5 36. Kg2 g6 37. Kf3 Kg7 38. Ke3 e5 39. Rc7 Kf6 40. c4 Ke6 41. Ke4 f5+ 42. Ke3 Ra3+ 43. Ke2 Ra2+ 44. Kf1 Rc2 45. Rc6+ Kf7 46. c5 Kg7 47. Ke1 Kf7 48. Rc7+ Ke6 49. Rc6+ Kf7 50. Kf1 Rc1+ 51. Ke2 Rc2+ 52. Ke3 Kg7 53. f3 Rc3+ 54. Ke2 Kf7 55. Rc7+ Kf6 56. c6 Ke6 57. Rc8 Kd6 58. Rg8 Rc2+ 59. Ke3 Rc3+ 60. Kf2 Rc2+ 61. Kg1 Rc1+ 62. Kg2 Rc2+ 63. Kh3 Rf2 64. Rxg6+ Kc7 65. Re6 Rxf3 66. Rxe5 Kxc6 67. Kg2 Kd6 68. Ra5 Rb3 69. Rxf5 Rb2+ 70. Kh3 Ke6 71. Rxh5 Kf6 72. Ra5 Kg6 73. Ra6+ Kg7 74. h5 Kh7 75. Kh4 Rh2+ 76. Kg5 1-0


[Site "https://www.chess.com"]